 Dungeon Crawl Stone Soup version 0.30-a0-475-g03497ec522 (webtiles) character file.

Game seed: 5171618588165396039

11 holysushi the Twirler (level 2, 17/17 HPs)
             Began as a Tengu Gladiator on Dec 21, 2022.
             Quit the game on level 1 of the Dungeon.
             The game lasted 00:01:06 (895 turns).

holysushi the Twirler (Tengu Gladiator)              Turns: 895, Time: 00:01:07

Health: 17/17      AC:  3    Str: 14    XL:     2   Next: 29%
Magic:  3/3        EV: 12    Int:  8    God:
Gold:   22         SH:  0    Dex: 15    Spells: 1/1 levels left

rFire   . . .      SeeInvis .    a - +0 quarterstaff
rCold   . . .      Faith    .    (shield currently unavailable)
rNeg    . . .      Spirit   .    b - +0 leather armour
rPois   .          Reflect  .    c - +0 hat
rElec   .          Harm     .    (no cloak)
rCorr   .          Rampage  .    (no gloves)
Will    .....                    (boots unavailable)
Stlth   +.........               (no amulet)
HPRegen 0.22/turn                (no ring)
MPRegen 0.08/turn                (no ring)

@: no status effects
A: beak, talons 3
a: no special abilities


You were on level 1 of the Dungeon.
You visited 1 branch of the dungeon, and saw 1 of its levels.

You collected 22 gold pieces.

Inventory:

Hand Weapons
 a - a +0 quarterstaff (weapon)
Missiles
 d - 3 throwing nets (quivered)
 e - a javelin
Armour
 b - a +0 leather armour (worn)
 c - a +0 hat (worn)
Scrolls
 f - a scroll of acquirement
 g - a scroll of poison {unknown}
 h - a scroll of identify {unknown}
 k - a scroll of fog {unknown}
Potions
 i - a potion of curing
 j - 2 potions of attraction {unknown}


   Skills:
 - Level 2.0 Fighting
 + Level 4.1 Staves
 - Level 2.0 Throwing
 - Level 3.2 Dodging


You had one spell level left.
You didn't know any spells.
Your spell library contained the following spells:

 Spells                   Type           Power      Damage    Failure   Level
 Beastly Appendage        Tmut           0%         N/A       50%         1
 Slow                     Hex            0%         N/A       50%         1
 Wereblood                Tmut           0%         N/A       63%         2
 Confusing Touch          Hex            0%         N/A       86%         3
 Spider Form              Tmut/Pois      0%         N/A       86%         3
 Vampiric Draining        Necr           0%         2d6       86%         3


Dungeon Overview and Level Annotations

Branches:
Dungeon (1/15) Zot: 5102

Altars:


Innate Abilities, Weirdness & Mutations

You have a beak for a mouth.
You have claws for feet.


Message History

You open the door.
There is an open door here.
Key pressed, stopping explore.
j - 2 brown potions
k - a scroll labelled KAEDDE YRESM As you open the door, it creaks loudly!
Found a chain mail.
There is an open door here.
A quokka comes into view.
A quokka is nearby!
A quokka is nearby!
A quokka is nearby!
You swing at nothing.
You swing at nothing.
You swing at nothing.
You hit the quokka.
The quokka is heavily wounded.
The quokka bites you but does no damage.
You barely miss the quokka. You claw the quokka.
The quokka is almost dead.
The quokka closely misses you.
You barely miss the quokka. You claw the quokka.
You kill the quokka!
You see here a quokka corpse.
You see here a quokka corpse.
You open the door.
There is an open door here.
Done exploring.
Done exploring.
Done exploring.
Done exploring.
Done exploring.
No target in view!
(D) Dungeon
Where to? (? - help)
Okay, then.
Search for what [? for help]? @ This is a scroll of acquirement!
Okay, then.
Are you sure you want to abandon this character and quit the game? (Confirm with "yes".)

######## #......#
#.####.# #.# #.#
###########.# #.#
#...........#
#.###
###@######..#
#.... #.# #.†##
#.... #.# #...#
#.### #.#
#...###.#.. #.#
#.......### #.#
#...##..#.. #.#
#.......#.# #.#
#....#.##..
#.######....#.##..


There were no monsters in sight!

Vanquished Creatures
  A ball python (D:1)
  A bat (D:1)
  2 endoplasms (D:1)
  3 hobgoblins (D:1)
  A quokka (D:1)
  A rat (D:1)
9 creatures vanquished.

Notes
Turn   | Place    | Note
-------+----------+-------------------------------------------
     0 | D:1      | holysushi the Tengu Gladiator began the quest for the Orb.
     0 | D:1      | Reached XP level 1. HP: 12/12 MP: 2/2
   390 | D:1      | Reached XP level 2. HP: 3/17 MP: 3/3
   392 | D:1      | Reached skill level 4 in Staves
   895 | D:1      | Identified a scroll of acquirement
   895 | D:1      | Quit the game

Illustrated notes

Levels and vault maps discovered:
D:1:      wheals_arrival_shading, layout_basic

Skill      XL: |  1  2 |
---------------+-------+-----
Staves         | 4 |  4.1
Fighting       | |  2.0
Throwing       | |  2.0
Dodging        | |  3.2

Action                   || total
-------------------------++-------
Melee: Quarterstaff      ||    20
       Kick              ||     5
       Peck              ||     2
  Use: Potion            ||     1
Armor: Leather armour    ||     1
Dodge: Dodged            ||     9

Table legend: (Time is in decaauts)
 A = Elapsed time spent in this place.
 B = Non-inter-level travel time spent in this place.
 C = Inter-level travel time spent in this place.
 D = Time resting spent in this place.
 E = Time spent auto-exploring this place.
 F = Levels seen in this place.
 G = Mean time per level.
                   A        B        C        D        E       F      G
               +--------+--------+--------+--------+--------+-----+--------+
         Total |    897 |    897 |      0 |     50 |    758 |   1 |  897.0 |
       Dungeon |    897 |    897 |      0 |     50 |    758 |   1 |  897.0 |
               +--------+--------+--------+--------+--------+-----+--------+

Top non-repeatable levels by time:
     D:1: 897 daAuts
